 Dungeon Crawl Stone Soup version 0.28-a0-1629-gf728b707aa (webtiles) character file.

Game seed: 10679362292310720098

7452 croobank the Thaumaturge (level 10, -2/62 HPs)
             Began as a Purple Draconian Fire Elementalist on Jan 24, 2022.
             Was an Elder of Hepliaklqana.
             Slain by a troll (11 damage)
             ... on level 11 of the Dungeon on Jan 25, 2022.
             The game lasted 00:47:27 (10885 turns).

croobank the Thaumaturge (DrFE)                    Turns: 10885, Time: 00:47:28

Health: -2/62      AC:  8    Str: 10    XL:     10   Next: 94%
Magic:  14/22      EV: 16    Int: 20    God:    Hepliaklqana [****..]
Gold:   584        SH:  0    Dex: 18    Spells: 19/26 levels left

rFire   . . .      SeeInvis .   a - +8 woodcutter's axe {vorpal}
rCold   . . .      Faith    .   (no shield)
rNeg    + . .      Spirit   .   (armour unavailable)
rPois   .          Reflect  .   (helmet restricted)
rElec   .          Harm     .   y - +0 cloak
rCorr   .          Rampage  .   (no gloves)
Will    +....                   (no boots)
Stlth   ++++......              i - amulet of regeneration
HPRegen 1.00/turn               s - +6 ring of dexterity
MPRegen 0.18/turn               v - ring of positive energy

@: no status effects
A: reduced essence, breathe power, AC +7, unfitting armour, cold-blooded
a: Breathe Dispelling Energy, Renounce Religion, Ancestor Life: Knight, Ancestor
Life: Battlemage, Ancestor Life: Hexer, Recall Ancestor, Ancestor Identity,
Transference, Idealise


You were on level 11 of the Dungeon.
You worshipped Hepliaklqana.
Hepliaklqana was greatly pleased with you.
You visited 1 branch of the dungeon, and saw 11 of its levels.

You collected 584 gold pieces.

Inventory:

Hand Weapons
 a - the +8 woodcutter's axe (weapon) {vorpal}
   (You found it on level 2 of the Dungeon)

   It inflicts extra damage upon your enemies.
 b - a +0 hunting sling
 f - a +0 short sword of speed
 w - a +1 mace of holy wrath
 C - a +4 shortbow
 E - the +3 mace of Nightmares {vorpal, Dex+3}
   (You found it on level 5 of the Dungeon)

   It inflicts extra damage upon your enemies.
   Dex:       It affects your dexterity (+3).
 M - a +2 falchion of holy wrath
 O - a +5 long sword
Missiles
 c - 210 stones
 d - 30 poisoned darts
 e - 67 arrows
 l - 68 bolts
 B - 77 sling bullets
 N - 6 atropa-tipped darts (quivered)
Armour
 y - a +0 cloak (worn)
 L - a +0 buckler
Magical Staves
 k - a staff of conjuration
Jewellery
 i - an amulet of regeneration (around neck)
 m - a ring of fire
 s - a +6 ring of dexterity (left hand)
 v - a ring of positive energy (right hand)
Wands
 j - a wand of flame (33)
 r - a wand of mindburst (21)
Scrolls
 g - 2 scrolls of blinking
 h - 2 scrolls of identify
 n - a scroll of teleportation
 q - a scroll of amnesia
 D - a scroll of summoning {unknown}
 H - a scroll of noise {unknown}
 I - 2 scrolls of fog {unknown}
 J - a scroll of magic mapping
Potions
 o - 2 potions of mutation
 p - a potion of attraction {unknown}
 t - 2 potions of heal wounds
 u - 5 potions of curing
 x - 4 potions of lignification
 z - 2 potions of might {unknown}
 A - a potion of magic {unknown}
 F - 2 potions of resistance
 G - a potion of brilliance
 K - a potion of invisibility {unknown}


   Skills:
 + Level 7.1 Dodging
 + Level 7.8 Stealth
 + Level 8.6 Spellcasting
 + Level 7.6 Conjurations
 + Level 8.2 Fire Magic


You had 19 spell levels left.
You knew the following spells:

 Your Spells              Type           Power      Damage    Failure   Level
a - Foxfire               Conj/Fire      100%       2x1d9     1%          1
b - Scorch                Fire           82%        2d9       1%          2
c - Flame Wave            Conj/Fire      40%        2d9       3%          4

Your spell library contained the following spells:

 Spells                   Type           Power      Damage    Failure   Level
 Conjure Flame            Conj/Fire      40%        6-21      1%          3
 Static Discharge         Conj/Air       24%        N/A       2%          2
 Sticky Flame             Conj/Fire      40%        2d6       3%          4
 Inner Flame              Hex/Fire       25%        N/A       4%          3
 Call Canine Familiar     Summ           8%         N/A       24%         3
 Portal Projectile        Hex/Tloc       16%        N/A       24%         3
 Dispel Undead            Necr           8%         3d8       61%         4
 Leda's Liquefaction      Hex/Erth       4%         N/A       61%         4


Dungeon Overview and Level Annotations

Branches:
Dungeon (11/15)            Temple (0/1) D:6            Lair (0/6) D:9
    Orc (0/2) D:9

Altars:
Ashenzari
Dithmenos
Elyvilon
Fedhas
Gozag
Hepliaklqana
Makhleb
Okawaru
Sif Muna
Uskayaw
Xom
Beogh

Shops:
D:7 !

Annotations:
D:3 1 runed translucent door, DrKleor's ghost, amateur DsFi
D:7 2 runed translucent doors, tatocazan's ghost, novice SpBr
D:8 2 transporters


Innate Abilities, Weirdness & Mutations

Your life essence is reduced to manifest your ancestor. (-10% HP)
You can breathe bolts of dispelling energy.
Your rich purple scales are hard. (AC +7)
You cannot fit into any form of body armour.
You are cold-blooded and may be slowed by cold attacks.


Message History

Andrew Joseph barely misses the troll.
The troll bites you! The troll misses you. The troll closely misses you.
The kobold brigand hits you with a +0 dagger.
The killer bee completely misses you.
A wave of flame ripples out!
The flame wave engulfs the kobold brigand.
The kobold brigand is severely wounded.
The flame wave engulfs the killer bee!
The killer bee is heavily wounded.
The flame wave engulfs the troll.
The troll is moderately wounded.
Andrew Joseph avoids your attack.
The flame wave engulfs the killer bee.
The killer bee is lightly wounded.
A killer bee comes into view.
The killer bee stings you but does no damage.
Andrew Joseph hits the troll!
The troll bites Andrew Joseph!
The troll claws Andrew Joseph. x2; The manticore bites Andrew Joseph!
Andrew Joseph is destroyed!
The killer bee closely misses you.
The kobold brigand hits you with a +0 dagger.
A wave of flame ripples out!
The flame wave engulfs the kobold brigand!
You kill the kobold brigand!
The flame wave engulfs the killer bee!
You kill the killer bee!
The flame wave engulfs the troll.
The troll is severely wounded.
The flame wave engulfs the killer bee!
The killer bee is almost dead.
The flame wave engulfs the manticore!
The manticore is moderately wounded.
You finish channelling waves of flame.
You hear an angry buzzing noise.
You hear a shout!
The troll closely misses you. The troll claws you. x2
The killer bee barely misses you. The troll bites you!
* * * LOW HITPOINT WARNING * * *
The troll claws you.
* * * LOW HITPOINT WARNING * * *
The troll claws you!
You die...

######
+.....
.#+#....# #
#.......#.#
#.......#.
#........
#......)#
#.....)@#
###+#..yTy#
#.#H.y...
#.#.....##
# ##......
....###
.....
.....+


You could see a manticore, a troll and 3 killer bees.

Vanquished Creatures
  A two-headed ogre (D:9)
  A deep elf pyromancer (D:10)
  A kobold demonologist (D:10)
  5 yaks
  2 vampire mosquitoes (D:9)
  2 two-headed ogre zombies (D:9)
  An acid dragon (D:9)
  3 water moccasins
  2 orc warriors
  A black bear (D:6)
  A sky beast (D:5)
  2 necrophages
  An ogre (D:6)
  A centaur (D:9)
  4 phantoms
  A kobold brigand (D:11)
  A bullfrog (D:9)
  A gnoll sergeant (D:9)
  2 wyvern zombies (D:7)
  A scorpion (D:4)
  A water moccasin skeleton (D:6)
  A troll zombie (D:9)
  9 killer bees
  4 wights (D:7)
  A howler monkey (D:6)
  3 jellies
  5 orc priests
  A gnoll shaman (D:8)
  A hound (D:5)
  A bullfrog skeleton (D:6)
  A centaur skeleton (D:6)
  10 orc wizards
  4 iguanas
  2 killer bee zombies
  2 ogre zombies (D:9)
  A hound skeleton (D:4)
  2 howler monkey zombies
  6 adders
  8 gnolls
  A shadow imp (D:6)
  An adder skeleton (D:5)
  A worm (D:4)
  2 dart slugs
  33 orcs
  8 ball pythons
  5 endoplasms
  A giant cockroach (D:1)
  7 goblins
  5 hobgoblins
  6 jackals
  7 kobolds
  3 quokkas
  2 bats
  4 frilled lizards
  4 goblin zombies (D:9)
  4 hobgoblin skeletons (D:9)
  2 hobgoblin zombies (D:9)
  4 orc skeletons (D:9)
  7 orc zombies (D:9)
  5 rats
  A spectral goblin (D:3)
210 creatures vanquished.

Vanquished Creatures (collateral kills)
  A centaur zombie (D:10)
  A shadow (D:10)
  2 yaks (D:9)
  2 orc warriors (D:9)
  An ice beast (D:5)
  A killer bee (D:7)
  4 orc priests
  2 jellies
  An iguana (D:5)
  4 orc wizards
  An ogre zombie (D:9)
  2 gnolls
  An adder (D:5)
  4 orcs
  A hobgoblin (D:4)
  A jackal (D:5)
  An orc zombie (D:9)
30 creatures vanquished.

Vanquished Creatures (others)
  A troll zombie (D:9)
  6 ancestors
  314 foxfires
321 creatures vanquished.

Grand Total: 561 creatures vanquished

Notes
Turn   | Place    | Note
-------+----------+-------------------------------------------
     0 | D:1      | croobank the Draconian Fire Elementalist began the quest
                  | for the Orb.
     0 | D:1      | Reached XP level 1. HP: 14/14 MP: 3/3
   392 | D:1      | Reached XP level 2. HP: 20/20 MP: 5/5
  1406 | D:2      | Reached XP level 3. HP: 26/26 MP: 4/6
  1509 | D:2      | Found the +8 woodcutter's axe {vorpal}
  2317 | D:3      | Found a runed translucent door.
  2319 | D:3      | Noticed a bullfrog
  2320 | D:3      | Noticed DrKleor's ghost (amateur DsFi)
  2626 | D:3      | Found a hazy altar of Hepliaklqana.
  2643 | D:3      | Became a worshipper of Hepliaklqana the Forgotten
  2718 | D:3      | Found a faded altar of an unknown god.
  3004 | D:3      | Found a burning altar of Makhleb.
  3016 | D:3      | Found a broken altar of Ashenzari.
  3030 | D:3      | Found a shadowy altar of Dithmenos.
  3109 | D:3      | Reached XP level 4. HP: 33/33 MP: 3/7
  3507 | D:4      | Reached * piety under Hepliaklqana
  3672 | D:4      | Reached XP level 5. HP: 34/34 MP: 5/9
  3790 | D:4      | Found a shimmering altar of Xom.
  3901 | D:4      | Learned a level 2 spell: Scorch
  3906 | D:4      | Learned a level 4 spell: Flame Wave
  3957 | D:4      | Found a shimmering blue altar of Sif Muna.
  3958 | D:4      | Found a white marble altar of Elyvilon.
  4001 | D:4      | Found a blossoming altar of Fedhas.
  4246 | D:5      | Entered Level 5 of the Dungeon
  4284 | D:5      | Reached XP level 6. HP: 30/40 MP: 7/10
  4315 | D:5      | Noticed an ice beast
  4335 | D:5      | Killed an ice beast
  4620 | D:5      | Your scales start taking on a rich purple colour.
  4620 | D:5      | Reached XP level 7. HP: 45/45 MP: 2/13
  4719 | D:5      | Reached ** piety under Hepliaklqana
  5190 | D:5      | Identified the +3 mace of Nightmares {vorpal, Dex+3}
  5378 | D:6      | Reached skill level 5 in Spellcasting
  5378 | D:6      | Reached skill level 5 in Fire Magic
  5398 | D:6      | Reached XP level 8. HP: 30/51 MP: 1/15
  5948 | D:6      | Found a staircase to the Ecumenical Temple.
  6143 | D:7      | Found Fefauxep's Distillery.
  6168 | D:7      | Found a large runed translucent door.
  6168 | D:7      | Found a large runed translucent door.
  6176 | D:7      | Reached skill level 5 in Stealth
  6176 | D:7      | Noticed tatocazan's ghost (novice SpBr)
  6452 | D:7      | Reached skill level 5 in Conjurations
  6669 | D:7      | Reached skill level 5 in Dodging
  6962 | D:7      | Found an iron altar of Okawaru.
  7130 | D:8      | Reached *** piety under Hepliaklqana
  7190 | D:8      | Found a transporter.
  7253 | D:8      | Reached XP level 9. HP: 53/55 MP: 10/18
  7549 | D:8      | Found a transporter.
  7554 | D:8      | Found the +0 mask of the Dragon {Will+ Slay+3 SInv}
  8292 | D:9      | Found a staircase to the Lair.
  8473 | D:9      | Noticed a two-headed ogre
  8483 | D:9      | Killed a two-headed ogre
  8628 | D:9      | Reached XP level 10. HP: 42/62 MP: 11/21
  8767 | D:9      | Found a staircase to the Orcish Mines.
  9274 | D:9      | Reached **** piety under Hepliaklqana
  9677 | D:10     | Entered Level 10 of the Dungeon
 10198 | D:10     | Found an opulent altar of Gozag.
 10502 | D:10     | Noticed a deep elf pyromancer
 10513 | D:10     | Killed a deep elf pyromancer
 10563 | D:10     | Found a hide-covered altar of Uskayaw.
 10878 | D:11     | Noticed a manticore
 10885 | D:11     | Slain by a troll

Illustrated notes

Levels and vault maps discovered:
D:1:      psy_arrival_basics, layout_loops_ring, chequers_serial_rivers_marsh,
          moated_statue, minmay_misc_feat_tower
D:2:      layout_loops_cross
D:3:      layout_basic, minmay_overflow_temple_star_quad,
          nicolae_hepliaklqana_monster_ancestors, ebering_ecumenical_altar_box,
          ebering_ghost_sewer_d
D:4:      layout_gridville, mainiacjoe_overflow_concentric_impassable,
          gammafunk_temple_overflow_pools, mainiacjoe_overflow_surrounded_room
D:5:      layout_rooms
D:6:      layout_rooms, temple_green, minmay_misc_feat_secret_circle
D:7:      layout_loops_ring, lemuel_coloured_pillars_altar, serial_shops, shop,
          ebering_ghost_disaster_area
D:8:      gammafunk_beogh_shrine, layout_basic
D:9:      layout_basic, lair_entry_dummy, zombieorc2_lemuel
D:10:     layout_stronghold, overflow_temple_1_default, amcnicky_altar_gilded,
          billiards_dpeg
D:11:     layout_basic, serial_shops, nicolae_shop_behind_doors

Skill      XL: |  1  2  3  4  5  6  7  8  9 10 |
---------------+-------------------------------+-----
Stealth        | 2 3 4 5 6 7 |  7.8
Dodging        | 2 3 4 5 6 7 |  7.1
Conjurations   | 2 3 4 5 6 7 |  7.6
Spellcasting   | 3 4 5 6 7 8 |  8.6
Fire Magic     | 4 5 6 7 8 |  8.2

Action                   |  1- 3 |  4- 6 |  7- 9 | 10-12 || total
-------------------------+-------+-------+-------+-------++-------
Melee: Unarmed           |    35 |       |       |       ||    35
       Tailslap          |     6 |       |     5 |    12 ||    23
       Punch             |     2 |       |       |     2 ||     4
       Short sword       |    30 |       |       |       ||    30
       War axe           |    15 |    14 |    71 |    70 ||   170
 Cast: Foxfire           |    60 |    46 |    50 |    37 ||   193
       Scorch            |       |    13 |    85 |    38 ||   136
       Flame Wave        |       |       |     3 |     3 ||     6
Invok: Ancestor Identity |       |     1 |       |       ||     1
 Abil: Breathe Dispellin |       |       |     2 |     1 ||     3
  Use: Scroll            |       |       |    13 |       ||    13
 Stab: Sleeping          |     1 |       |       |       ||     1
       Distracted        |       |       |     1 |       ||     1
Armor: Skin              |    26 |     1 |    29 |    20 ||    76
Dodge: Dodged            |    49 |     9 |    82 |    76 ||   216

Table legend: (Time is in decaauts)
 A = Elapsed time spent in this place.
 B = Non-inter-level travel time spent in this place.
 C = Inter-level travel time spent in this place.
 D = Time resting spent in this place.
 E = Time spent auto-exploring this place.
 F = Levels seen in this place.
 G = Mean time per level.
                   A        B        C        D        E       F      G
               +--------+--------+--------+--------+--------+-----+--------+
         Total |  10877 |  10669 |    208 |    304 |   8563 |  11 |  988.8 |
       Dungeon |  10877 |  10669 |    208 |    304 |   8563 |  11 |  988.8 |
               +--------+--------+--------+--------+--------+-----+--------+

Top non-repeatable levels by time:
     D:9: 1716 daAuts
     D:3: 1157 daAuts
    D:10: 1149 daAuts
     D:1: 1124 daAuts
     D:7: 1066 daAuts
     D:5: 1018 daAuts
     D:4: 1010 daAuts
     D:2: 945 daAuts
     D:8: 895 daAuts
     D:6: 781 daAuts
    D:11: 9 daAuts
